 Dungeon Crawl Stone Soup version 0.30-b1-2-g02819fbbbe (webtiles) character file.

Game seed: 11036576570410992792

7 redmage the Digger (level 2, 0/20 HPs)
             Began as a Meteoran Earth Elementalist on Aug 9, 2023.
             Slain by an orc priest
             ... wielding a +0 whip
              (7 damage)
             ... on level 4 of the Dungeon.
             The game lasted 00:01:44 (115 turns).

redmage the Digger (Meteoran Earth Elementalist)     Turns: 115, Time: 00:01:44

Health: 0/20       AC:  2    Str:  9    XL:     2   Next: 17%
Magic:  6/7        EV: 12    Int: 16    God:
Gold:   0          SH:  0    Dex: 14    Spells: 6/7 levels left

rFire   . . .        (no weapon)
rCold   . . .        (no shield)
rNeg    . . .        a - +0 robe
rPois   .            (no helmet)
rElec   .            (no cloak)
rCorr   .            (no gloves)
SInv    .            (no boots)
Will    .....        (no amulet)
Stlth   +            (no ring)
HPRegen 0.23/turn    (no ring)
MPRegen 0.10/turn

%: no passive effects
@: glowing
A: sense surroundings 1, otherworldly, glowing, explore regen
a: no special abilities


You were on level 4 of the Dungeon.
You visited 1 branch of the dungeon, and saw 4 of its levels.

Inventory:

Armour
 a - a +0 robe (worn)
Scrolls
 c - a scroll of identify {unknown}
Potions
 b - a potion of magic
 d - a potion of lignification {unknown}


   Skills:
 - Level 2.4 Dodging
 - Level 1.4 Stealth
 - Level 3.0 Spellcasting
 - Level 1.2 Transmutations
 + Level 4.0 Earth Magic


You had 6 spell levels left.
You knew the following spells:

 Your Spells              Type           Power      Damage    Failure   Level
a - Sandblast             Erth           30%        2d9       3%          1

Your spell library contained the following spells:

 Spells                   Type           Power      Damage    Failure   Level
 Passwall                 Tmut/Erth      8%         N/A       10%         2
 Stone Arrow              Conj/Erth      16%        3d8       24%         3
 Petrify                  Tmut/Erth      10%        N/A       54%         4


Dungeon Overview and Level Annotations

Branches:
Dungeon (4/15) Zot: 2278
 Temple: D:4-7

Altars:


Innate Abilities, Weirdness & Mutations

You passively map a small area around you.
You are easily found by Zot.
You glow in the dark.
You regain HP and MP as you explore.


Message History

Your Earth Magic skill increases to level 4!
Unknown command.
Unknown command.
You climb downwards.
There is a stone staircase leading up here.
Found a leather armour.
There is a stone staircase leading down here.
You can't go up here!
You climb downwards.
There is a stone staircase leading up here.
Found a stone staircase leading up.
There is a stone staircase leading up here.
You climb upwards.
The kobold shouts!
The ball python hisses angrily.
The orc priest shouts!
The orc shouts!
The hobgoblin shouts!
You hear an angry hiss.
A giant cockroach comes into view.
The orc priest invokes the aid of Beogh against you.
Pain shoots through your body!
Found a scroll labelled ZEDEOD JEINA, a silvery potion and 7 gold pieces.
There is a stone staircase leading down here.
Unknown command.
The orc priest closely misses you.
The orc priest calls down the wrath of Beogh upon you.
Pain shoots through your body!
Ouch! That really hurt!
* * * LOW HITPOINT WARNING * * *
You climb downwards.
There is a stone staircase leading up here.
Casting: Sandblast (safe; 3% risk of failure)
Confirm with . or Enter, or press ? or * to list all spells.
You don't know that spell.
Unknown command.
Casting: Sandblast (safe; 3% risk of failure)
Confirm with . or Enter, or press ? or * to list all spells.
Aiming: Sandblast (safe; 3% risk of failure)
Press: ? - help, Shift-Dir - straight line, f - orc priest
Aim: an orc priest, wielding a +0 whip and wearing a +0 chain mail (87% to hit)
The blast of sand hits the orc priest but does no damage.
The orc priest hits you with a +0 whip!
You die...

* * * , , , ,
* , , , * , ,,
, # , .# 8**
..# * , **
*#####.# > ,*
,#@o...## *
##### #......#
* ,
......##.##..#
, * * *#.<.#
... , , #....#
. * , *
*#...... , * ,
,, .......## ,
, , *
##.....## * ,
, * *#.....# ,


You could see an orc priest.

Vanquished Creatures
  2 bats (D:2)
  A goblin (D:2)
  A hobgoblin (D:2)
  A quokka (D:1)
  A kobold (D:1)
6 creatures vanquished.

Notes
Turn   | Place    | Note
-------+----------+-------------------------------------------
     0 | D:1      | redmage the Meteoran Earth Elementalist began the quest for
                  | the Orb.
     0 | D:1      | Reached XP level 1. HP: 14/14 MP: 5/5
    91 | D:2      | Reached XP level 2. HP: 20/20 MP: 5/7
    99 | D:2      | Reached skill level 4 in Earth Magic
   115 | D:4      | Slain by an orc priest

Illustrated notes

Levels and vault maps discovered:
D:1:      mrwooster_arrival_statue_2, layout_basic
D:2:      layout_loops_ring, basic_altar, serial_forest,
          infiniplex_forest_lined_3, infiniplex_forest_lined_2,
          infiniplex_forest_clump_C, infiniplex_forest_lined_4_way,
          infiniplex_forest_lined_2, infiniplex_forest_clump_tiny,
          infiniplex_forest_zigzag_2, infiniplex_forest_end_2,
          infiniplex_forest_end_1
D:3:      layout_basic, minmay_puff, uniq_grinder
D:4:      layout_rooms, nicolae_overflow_hidden_temple,
          mainiacjoe_overflow_six_doors_small, st_stairs_11, nicolae_half_adder,
          uniq_robin

Skill      XL: |  1  2 |
---------------+-------+-----
Spellcasting   | 3 |  3.0
Earth Magic    | 4 |  4.0
Dodging        | |  2.4
Stealth        | |  1.4
Transmutations | |  1.2

Action                     || total
---------------------------++-------
  Melee: Unarmed           ||    13
   Cast: Sandblast         ||    11
 Armour: Robe              ||     4
  Dodge: Dodged            ||     8
